TOP OF THE 1ST |
Spokane Indians batting - Pitching for Idaho Falls Chukars : RHP Kevin Tumbleson
|
Pitching: RHP Kevin Tumbleson
|
|
Batting: LHB Gabriel Graves
|
0-0: Called Strike 0-1: Ball 1-1: Ball 2-1: Foul Ball, location: 2F 2-2: Ball 3-2: Base on Balls
|
Batting: LHB Nick Foutz
|
0-0: Ball 1-0: Foul Ball, location: 2F 1-1: Ball 2-1: Foul Ball, location: 2F 2-2: Ball 3-2: Foul Ball, location: 2F 3-2: Foul Ball, location: 2F 3-2: Foul Ball, location: 2F 3-2: Foul Ball, location: 2F 3-2: Strikes out swinging Gabriel Graves is caught stealing 2nd base 2-6 Batter strikes out.
|
Batting: RHB Casey Nelligan
|
0-0: Ball 1-0: Ball 2-0: Foul Ball, location: 2F 2-1: Called Strike 2-2: Ball 3-2: SINGLE (Groundball, 6MD, EV 93.8 MPH)
|
Batting: LHB Mike Sammons
|
0-0: Called Strike 0-1: Swinging Strike 0-2: Ball 1-2: Strikes out looking
|
Top of the 1st over - 0 runs, 1 hit, 0 errors, 1 left on base; Spokane 0 - Idaho Falls 0 |
BOTTOM OF THE 1ST |
Idaho Falls Chukars batting - Pitching for Spokane Indians : LHP Valery Sahanov
|
Pitching: LHP Valery Sahanov
|
|
Batting: RHB Tim Persson
|
0-0: Swinging Strike 0-1: DOUBLE (Flyball, 8RD, EV 94.4 MPH)
|
Batting: RHB Kevin Wimberly
|
0-0: Foul Ball, location: 2F 0-1: Foul Ball, location: 2F 0-2: Ball 1-2: Foul Ball, location: 2F 1-2: Ball 2-2: Strikes out swinging
|
Batting: LHB Josh Dalton
|
0-0: Called Strike Tim Persson steals 3rd base (no throw) 0-1: Ball 1-1: Ball 2-1: Foul Ball, location: 2F 2-2: Foul Ball, location: 2F 2-2: Strikes out swinging
|
Batting: RHB Edwin Ramos
|
0-0: Ball 1-0: Swinging Strike 1-1: Ball 2-1: Called Strike 2-2: Ball 3-2: Strikes out looking
|
Bottom of the 1st over - 0 runs, 1 hit, 0 errors, 1 left on base; Spokane 0 - Idaho Falls 0 |
TOP OF THE 2ND |
Spokane Indians batting - Pitching for Idaho Falls Chukars : RHP Kevin Tumbleson
|
Batting: RHB Matt Strong
|
0-0: Ball 1-0: Ball 2-0: Foul Ball, location: 2F 2-1: DOUBLE (Groundball, 5L, EV 94.4 MPH)
|
Batting: RHB Darnell Jones
|
0-0: Swinging Strike 0-1: Ball 1-1: Called Strike 1-2: Foul Ball, location: 2F 1-2: Strikes out swinging
|
Pitching: RHP Bryan Kiefer
|
|
Batting: RHB Rafael Medina
|
0-0: Ball 1-0: SINGLE (Groundball, 25, EV 74.4 MPH) (infield hit) Matt Strong to third
|
Batting: RHB Luis Reyna
|
0-0: Ball 1-0: Ball Rafael Medina is caught stealing 2nd base 2-4 2-0: Called Strike 2-1: Ball 3-1: Ground out 4-3 (Groundball, 4, EV 89.4 MPH)
|
Top of the 2nd over - 0 runs, 2 hits, 0 errors, 1 left on base; Spokane 0 - Idaho Falls 0 |
BOTTOM OF THE 2ND |
Idaho Falls Chukars batting - Pitching for Spokane Indians : LHP Valery Sahanov
|
Batting: LHB Joe Cozart
|
0-0: Ground out 4-3 (Groundball, 4, EV 88.1 MPH)
|
Batting: RHB Chad Sullivan
|
0-0: Ball 1-0: Called Strike 1-1: Called Strike 1-2: Strikes out looking
|
Batting: RHB Justin Goff
|
0-0: Called Strike 0-1: Called Strike 0-2: Ball 1-2: Foul Ball, location: 2F 1-2: Ball 2-2: Ball 3-2: Strikes out swinging
|
Bottom of the 2nd over - 0 runs, 0 hits, 0 errors, 0 left on base; Spokane 0 - Idaho Falls 0 |
TOP OF THE 3RD |
Spokane Indians batting - Pitching for Idaho Falls Chukars : RHP Bryan Kiefer
|
Batting: RHB Reilly Hawkins
|
0-0: Ball 1-0: Called Strike 1-1: Ball 2-1: Ball 3-1: Called Strike 3-2: Foul Ball, location: 2F 3-2: Foul Ball, location: 2F 3-2: Base on Balls
|
Batting: LHB Gabriel Graves
|
0-0: Called Strike 0-1: Ball Reilly Hawkins steals 2nd base 1-1: Foul Ball, location: 2F 1-2: Ball 2-2: Ball 3-2: Foul Ball, location: 2F 3-2: Fly out, F8 (Flyball, 8LD, EV 93.8 MPH) Runner from 2nd tags up, SAFE at 3rd with throw by CF
|
Pitching: RHP Mike Galvin
|
|
Batting: LHB Nick Foutz
|
0-0: Ball 1-0: Foul Ball, location: 2F 1-1: Ball 2-1: Ball 3-1: Base on Balls
|
Batting: RHB Casey Nelligan
|
0-0: Ball Nick Foutz steals 2nd base 1-0: Called Strike 1-1: SINGLE (Groundball, 6MD, EV 101.2 MPH) (infield hit) Reilly Hawkins scores Nick Foutz to third
|
Batting: LHB Mike Sammons
|
0-0: Ball 1-0: Ball 2-0: Ball Passed Ball! Nick Foutz scores Casey Nelligan to second 3-0: Base on Balls
|
Batting: RHB Matt Strong
|
0-0: Ball 1-0: Ball 2-0: Called Strike 2-1: Ball 3-1: Swinging Strike 3-2: Base on Balls Casey Nelligan to third Mike Sammons to second
|
Pitching: RHP Josh Rutledge
|
|
Batting: RHB Darnell Jones
|
0-0: Called Strike 0-1: SINGLE (Flyball, 8RS, EV 93.1 MPH) Casey Nelligan scores Mike Sammons to third Matt Strong to second
|
Batting: RHB Rafael Medina
|
0-0: Fielders Choice at 2nd, 4-6 (Groundball, 34, EV 81.2 MPH) Mike Sammons scores Matt Strong to third
|
Batting: RHB Luis Reyna
|
0-0: Ball 1-0: Called Strike Rafael Medina steals 2nd base (no throw) 1-1: Ball 2-1: Ball 3-1: Fly out, F8 (Line Drive, 8LD, EV 98.1 MPH)
|
Top of the 3rd over - 4 runs, 2 hits, 0 errors, 2 left on base; Spokane 4 - Idaho Falls 0 |
BOTTOM OF THE 3RD |
Idaho Falls Chukars batting - Pitching for Spokane Indians : LHP Valery Sahanov
|
Batting: RHB Chance Argy
|
0-0: Called Strike 0-1: Ground out 2-3 (Groundball, 2L, EV 72.5 MPH)
|
Batting: LHB Randy Stapleton
|
0-0: Ball 1-0: Fly out, F8 (Flyball, 8RD, EV 83.1 MPH)
|
Batting: RHB Tim Persson
|
0-0: Ball 1-0: Called Strike 1-1: Ball 2-1: Swinging Strike 2-2: Ball 3-2: Base on Balls
|
Batting: RHB Kevin Wimberly
|
0-0: Called Strike Tim Persson steals 2nd base 0-1: Ball Passed Ball! Tim Persson to third 1-1: Ball 2-1: Swinging Strike 2-2: Strikes out swinging
|
Bottom of the 3rd over - 0 runs, 0 hits, 0 errors, 1 left on base; Spokane 4 - Idaho Falls 0 |
TOP OF THE 4TH |
Spokane Indians batting - Pitching for Idaho Falls Chukars : RHP Josh Rutledge
|
Batting: RHB Reilly Hawkins
|
0-0: Ball 1-0: Swinging Strike 1-1: Called Strike 1-2: Ball 2-2: DOUBLE (Line Drive, 9LM, EV 113.8 MPH)
|
Batting: LHB Gabriel Graves
|
0-0: Ball 1-0: Ball 2-0: Ball Wild Pitch! Reilly Hawkins to third 3-0: Called Strike 3-1: Foul Ball, location: 2F 3-2: Base on Balls
|
Pitching: RHP Brett Essary
|
|
Batting: LHB Nick Foutz
|
0-0: Ball 1-0: Swinging Strike 1-1: Foul Ball, location: 2F 1-2: Ball Gabriel Graves steals 2nd base (no throw) 2-2: Strikes out swinging
|
Batting: RHB Casey Nelligan
|
0-0: Ball 1-0: Swinging Strike 1-1: Called Strike 1-2: Strikes out swinging
|
Batting: LHB Mike Sammons
|
0-0: Called Strike 0-1: Called Strike 0-2: Fly out, F4 (Line Drive, 4, EV 60.6 MPH)
|
Top of the 4th over - 0 runs, 1 hit, 0 errors, 2 left on base; Spokane 4 - Idaho Falls 0 |
BOTTOM OF THE 4TH |
Idaho Falls Chukars batting - Pitching for Spokane Indians : LHP Valery Sahanov
|
Batting: LHB Josh Dalton
|
0-0: Called Strike 0-1: Ball 1-1: Ball 2-1: Ball 3-1: Fly out, F6 (Popup, 6, EV 72.5 MPH)
|
Batting: RHB Edwin Ramos
|
0-0: Ball 1-0: Fly out, F9 (Flyball, 89M, EV 89.4 MPH)
|
Batting: LHB Joe Cozart
|
0-0: Called Strike 0-1: Foul Ball, location: 2F 0-2: Ball 1-2: Foul Ball, location: 2F 1-2: Strikes out swinging
|
Bottom of the 4th over - 0 runs, 0 hits, 0 errors, 0 left on base; Spokane 4 - Idaho Falls 0 |
TOP OF THE 5TH |
Spokane Indians batting - Pitching for Idaho Falls Chukars : RHP Brett Essary
|
Batting: RHB Matt Strong
|
0-0: Foul Ball, location: 2F 0-1: Ball 1-1: Ball 2-1: SOLO HOME RUN (Flyball, 7LD, EV 92.5 MPH), Distance : 360 ft
|
Batting: RHB Darnell Jones
|
0-0: Swinging Strike 0-1: Foul Ball, location: 2F 0-2: Ball 1-2: Foul Ball, location: 2F 1-2: Ball 2-2: Ball 3-2: DOUBLE (Groundball, 5L, EV 106.9 MPH)
|
Pitching: RHP Tony Jimenez
|
|
Batting: RHB Rafael Medina
|
0-0: Ball 1-0: Ball 2-0: Called Strike 2-1: Ball 3-1: Foul Ball, location: 2F 3-2: Base on Balls
|
Batting: RHB Luis Reyna
|
0-0: Ball 1-0: Ball 2-0: Swinging Strike 2-1: Ball 3-1: Foul Ball, location: 2F 3-2: Base on Balls Darnell Jones to third Rafael Medina to second
|
Batting: RHB Reilly Hawkins
|
0-0: Swinging Strike 0-1: GRAND SLAM HOME RUN (Flyball, 78XD, EV 98.1 MPH), Distance : 395 ft
|
Batting: LHB Gabriel Graves
|
0-0: Called Strike 0-1: Ball 1-1: DOUBLE (Line Drive, 9LM, EV 103.8 MPH)
|
Batting: LHB Nick Foutz
|
0-0: Ball 1-0: SINGLE (Groundball, 25, EV 62.5 MPH) (infield hit) Gabriel Graves to third
|
Pitching: RHP Ryan Crump
|
|
Batting: RHB Casey Nelligan
|
0-0: Ball 1-0: Foul Ball, location: 2F 1-1: Ground out 5-3 (Groundball, 5D, EV 96.9 MPH) Gabriel Graves scores Nick Foutz to second
|
Batting: LHB Mike Sammons
|
0-0: Ball 1-0: Foul Ball, location: 2F 1-1: Swinging Strike 1-2: Foul Ball, location: 2F 1-2: Foul Ball, location: 2F 1-2: Fly out, F8 (Flyball, 78XD, EV 84.4 MPH) Runner from 2nd tags up, SAFE at 3rd, no throw by CF
|
Batting: RHB Matt Strong
|
0-0: Ball 1-0: Called Strike 1-1: Ball 2-1: Called Strike 2-2: Strikes out swinging
|
Top of the 5th over - 6 runs, 5 hits, 0 errors, 1 left on base; Spokane 10 - Idaho Falls 0 |
BOTTOM OF THE 5TH |
Idaho Falls Chukars batting - Pitching for Spokane Indians : LHP Valery Sahanov
|
Batting: RHB Chad Sullivan
|
0-0: Called Strike 0-1: Called Strike 0-2: Strikes out swinging
|
Batting: RHB Justin Goff
|
0-0: Ball 1-0: Ball 2-0: Called Strike 2-1: Ground out 6-3 (Groundball, 6D, EV 108.1 MPH)
|
Batting: RHB Chance Argy
|
0-0: Called Strike 0-1: Ball 1-1: Foul Ball, location: 2F 1-2: Ball 2-2: Foul Ball, location: 2F 2-2: Ball 3-2: Foul Ball, location: 2F 3-2: SINGLE (Line Drive, 9LM, EV 86.9 MPH)
|
Batting: LHB Randy Stapleton
|
0-0: Foul Ball, location: 2F 0-1: Foul Ball, location: 2F 0-2: Ball 1-2: Strikes out swinging
|
Bottom of the 5th over - 0 runs, 1 hit, 0 errors, 1 left on base; Spokane 10 - Idaho Falls 0 |
TOP OF THE 6TH |
Spokane Indians batting - Pitching for Idaho Falls Chukars : RHP Ryan Crump
|
Batting: RHB Darnell Jones
|
0-0: Ball 1-0: Ball 2-0: Foul Ball, location: 2F 2-1: Foul Ball, location: 2F 2-2: Ball 3-2: SINGLE (Groundball, 4M, EV 102.5 MPH) (infield hit)
|
Pitching: RHP Shane Bruce
|
|
Batting: RHB Rafael Medina
|
0-0: Ball 1-0: Foul Ball, location: 2F 1-1: Ball 2-1: Ground out 6-3 (Groundball, 6M, EV 100.0 MPH) Darnell Jones to second
|
Pinch Hitting: SHB Kaname Fujimoto
|
0-0: Called Strike Balk! Darnell Jones to third 0-1: Ball 1-1: Ball 2-1: Foul Ball, location: 2F 2-2: Ball 3-2: 2-RUN HOME RUN (Flyball, 9D, EV 100.6 MPH), Distance : 393 ft
|
Batting: RHB Reilly Hawkins
|
0-0: SINGLE (Flyball, 6D, EV 90.0 MPH)
|
Batting: LHB Gabriel Graves
|
0-0: Ball 1-0: Called Strike 1-1: Ball 2-1: Foul Ball, location: 2F 2-2: Fielders Choice at 2nd, 5-4 (Groundball, 56, EV 83.1 MPH)
|
Batting: LHB Nick Foutz
|
0-0: Ball 1-0: Ball 2-0: Ball 3-0: Called Strike 3-1: Foul Ball, location: 2F 3-2: Base on Balls Gabriel Graves to second
|
Batting: RHB Casey Nelligan
|
0-0: Ball 1-0: SINGLE (Line Drive, 4D, EV 99.4 MPH) Gabriel Graves to third Nick Foutz to second Runner from 3rd tries for Home, SAFE, throw by CF to home
|
Batting: LHB Mike Sammons
|
0-0: Ground out 4-3 (Groundball, 4, EV 89.4 MPH)
|
Top of the 6th over - 3 runs, 4 hits, 0 errors, 2 left on base; Spokane 13 - Idaho Falls 0 |
BOTTOM OF THE 6TH |
Idaho Falls Chukars batting - Pitching for Spokane Indians : LHP Valery Sahanov
|
Now at 1B: Kaname Fujimoto
|
|
Batting: RHB Tim Persson
|
0-0: Hit by Pitch
|
Batting: RHB Kevin Wimberly
|
0-0: Called Strike 0-1: Ball 1-1: Hit by Pitch Tim Persson to second
|
Batting: LHB Josh Dalton
|
0-0: Ball 1-0: Ball 2-0: Ball 3-0: Called Strike 3-1: Fly out, F7 (Flyball, 7S, EV 83.1 MPH)
|
Batting: RHB Edwin Ramos
|
0-0: Ball Tim Persson steals 3rd base (no throw) Kevin Wimberly to second 1-0: Ground out 6-3 (Groundball, 6, EV 106.9 MPH) Tim Persson scores
|
Batting: LHB Joe Cozart
|
0-0: Ground out 4-3 (Groundball, 4, EV 101.9 MPH)
|
Bottom of the 6th over - 1 run, 0 hits, 0 errors, 1 left on base; Spokane 13 - Idaho Falls 1 |
TOP OF THE 7TH |
Spokane Indians batting - Pitching for Idaho Falls Chukars : RHP Shane Bruce
|
Batting: RHB Matt Strong
|
0-0: Reached on error, E4 (Groundball, 34, EV 94.4 MPH)
|
Batting: RHB Darnell Jones
|
0-0: Ball 1-0: Foul Ball, location: 2F 1-1: Ground out 5-3 (Groundball, 56S, EV 68.1 MPH) Matt Strong to third
|
Pinch Hitting: RHB Zach Koblinski
|
0-0: Ball Wild Pitch! Matt Strong scores 1-0: Ball 2-0: Foul Ball, location: 2F 2-1: Ball 3-1: Base on Balls
|
Batting: SHB Kaname Fujimoto
|
0-0: Ball 1-0: Called Strike 1-1: Called Strike 1-2: Ball 2-2: Strikes out swinging
|
Pinch Hitting: RHB Daniel Barger
|
0-0: Ball 1-0: Ball 2-0: Ball 3-0: Called Strike 3-1: Base on Balls Zach Koblinski to second
|
Pitching: LHP Ernesto Abreu
|
|
Batting: LHB Gabriel Graves
|
0-0: Fly out, F8 (Line Drive, 8LD, EV 90.6 MPH)
|
Top of the 7th over - 1 run, 0 hits, 1 error, 2 left on base; Spokane 14 - Idaho Falls 1 |
BOTTOM OF THE 7TH |
Idaho Falls Chukars batting - Pitching for Spokane Indians : LHP Valery Sahanov
|
Now at 1B: Herb Craig
|
|
Now at 2B: Casey Nelligan
|
|
Now at 3B: Daniel Barger
|
|
Now in LF: Kaname Fujimoto
|
|
Batting: RHB Chad Sullivan
|
0-0: Called Strike 0-1: Ball 1-1: Ball 2-1: SINGLE (Groundball, 6MD, EV 104.4 MPH)
|
Batting: RHB Justin Goff
|
Balk! Chad Sullivan to second 0-0: Foul Ball, location: 2F 0-1: Foul Ball, location: 2F 0-2: Strikes out looking
|
Batting: RHB Chance Argy
|
0-0: Ball 1-0: Ball 2-0: Foul Ball, location: 2F 2-1: Ball 3-1: DOUBLE (Groundball, 5L, EV 108.8 MPH) Chad Sullivan scores
|
Pitching: RHP Cássio Blemarcick
|
|
Pinch Hitting: SHB Marcos Cortez
|
0-0: Ground out 6-3 (Groundball, 6, EV 78.1 MPH)
|
Batting: RHB Tim Persson
|
0-0: Ball 1-0: Ball 2-0: Ball 3-0: Called Strike 3-1: Ground out 3-1 (Groundball, 34, EV 100.0 MPH)
|
Bottom of the 7th over - 1 run, 2 hits, 0 errors, 1 left on base; Spokane 14 - Idaho Falls 2 |
TOP OF THE 8TH |
Spokane Indians batting - Pitching for Idaho Falls Chukars : LHP Ernesto Abreu
|
Now at 2B: Edwin Ramos
|
|
Now at SS: Marcos Cortez
|
|
Now in LF: Tim Persson
|
|
Batting: LHB Nick Foutz
|
0-0: Ball 1-0: Ball 2-0: Swinging Strike 2-1: Ground out 4-3 (Groundball, 4, EV 90.0 MPH)
|
Pinch Hitting: RHB Steve Haskins
|
0-0: Called Strike 0-1: Ground out 5-3 (Groundball, 5, EV 95.0 MPH)
|
Batting: LHB Mike Sammons
|
0-0: Ball 1-0: SINGLE (Line Drive, 4D, EV 103.8 MPH)
|
Batting: RHB Matt Strong
|
0-0: Ball 1-0: Called Strike 1-1: Called Strike 1-2: Ball 2-2: Foul Ball, location: 2F 2-2: Ball 3-2: Base on Balls Mike Sammons to second
|
Batting: RHB Darnell Jones
|
0-0: Fly out, F8 (Flyball, 89D, EV 111.2 MPH)
|
Top of the 8th over - 0 runs, 1 hit, 0 errors, 2 left on base; Spokane 14 - Idaho Falls 2 |
BOTTOM OF THE 8TH |
Idaho Falls Chukars batting - Pitching for Spokane Indians : RHP Cássio Blemarcick
|
Now at 2B: Darnell Jones
|
|
Now at SS: Steve Haskins
|
|
Now in CF: Casper Kersten
|
|
Batting: RHB Kevin Wimberly
|
0-0: Ball 1-0: Foul Ball, location: 2F 1-1: Foul Ball, location: 2F 1-2: Foul Ball, location: 2F 1-2: Ball 2-2: Strikes out swinging
|
Batting: LHB Josh Dalton
|
0-0: Called Strike 0-1: Foul Ball, location: 2F 0-2: Strikes out swinging
|
Batting: RHB Edwin Ramos
|
0-0: Fly out, F6 (Popup, P, EV 73.8 MPH)
|
Bottom of the 8th over - 0 runs, 0 hits, 0 errors, 0 left on base; Spokane 14 - Idaho Falls 2 |
TOP OF THE 9TH |
Spokane Indians batting - Pitching for Idaho Falls Chukars : LHP Ernesto Abreu
|
Pinch Hitting: LHB Antonio Domingues
|
0-0: Ball 1-0: Fly out, F8 (Line Drive, 8RM, EV 98.8 MPH)
|
Pinch Hitting: RHB Mike Trujillo
|
0-0: Ball 1-0: Foul Ball, location: 2F 1-1: Hit by Pitch
|
Batting: RHB Daniel Barger
|
0-0: Ball Wild Pitch! Mike Trujillo to second 1-0: Ground out 5-3 (Groundball, 56, EV 86.9 MPH)
|
Batting: LHB Gabriel Graves
|
0-0: Ball 1-0: Ball 2-0: Ball 3-0: Called Strike 3-1: Base on Balls
|
Batting: LHB Casper Kersten
|
0-0: Ball Wild Pitch! Mike Trujillo to third Gabriel Graves to second 1-0: Ball 2-0: Ball 3-0: Base on Balls
|
Batting: RHB Steve Haskins
|
0-0: DOUBLE (Line Drive, 89D, EV 101.9 MPH) Mike Trujillo scores Gabriel Graves scores Casper Kersten to third Runner from 3rd tries for Home, SAFE, no throw by RF
|
Batting: LHB Mike Sammons
|
0-0: Swinging Strike 0-1: Ball 1-1: Swinging Strike 1-2: Ball 2-2: Ball 3-2: SINGLE (Groundball, 4M, EV 100.6 MPH) (infield hit) Steve Haskins to third
|
Batting: RHB Matt Strong
|
0-0: Ball 1-0: Called Strike 1-1: Ball Balk! Steve Haskins scores Mike Sammons to second 2-1: Ball 3-1: Base on Balls
|
Pitching: RHP Timotheus Cooper
|
|
Batting: RHB Darnell Jones
|
0-0: Foul Ball, location: 2F 0-1: Ball 1-1: Ball Balk! Mike Sammons to third Matt Strong to second 2-1: Foul Ball, location: 2F 2-2: SINGLE (Line Drive, 4D, EV 98.8 MPH) Mike Sammons scores Matt Strong to third Runner from 3rd tries for Home, throw by RF and OUT! 9-2
|
Top of the 9th over - 5 runs, 3 hits, 0 errors, 1 left on base; Spokane 19 - Idaho Falls 2 |
BOTTOM OF THE 9TH |
Idaho Falls Chukars batting - Pitching for Spokane Indians : RHP Cássio Blemarcick
|
Now at 1B: Antonio Domingues
|
|
Now in LF: Matt Strong
|
|
Now in RF: Mike Trujillo
|
|
Batting: LHB Joe Cozart
|
0-0: Ground out 4-3 (Groundball, 4, EV 110.0 MPH)
|
Batting: RHB Chad Sullivan
|
0-0: Called Strike 0-1: Ball 1-1: Swinging Strike 1-2: Ball 2-2: Strikes out swinging
|
Batting: RHB Justin Goff
|
0-0: Ball 1-0: Foul Ball, location: 2F 1-1: Foul Ball, location: 2F 1-2: Ball 2-2: Strikes out swinging
|
Bottom of the 9th over - 0 runs, 0 hits, 0 errors, 0 left on base; Spokane 19 - Idaho Falls 2 |
|